SAAA
GRYFINDOR BRAVES @ ALLOWAY HALBERDS
08/31/2031
 
TOP OF THE 1ST
Gryfindor Braves batting - Pitching for Alloway Halberds : RHP Nicholas Beyer
Pitching: RHP Nicholas Beyer
Batting: RHB Damon Newbold 0-0: DOUBLE (Line Drive, 8LD)
Batting: LHB Ignacio Medine 0-0: Ground out 3-1 (Groundball, 34)
Damon Newbold to third
Batting: LHB Austin Hathaway 0-0: Foul Ball, location: 2F
0-1: Called Strike
0-2: Foul Ball, location: 2F
0-2: Ball
1-2: Strikes out swinging
Batting: SHB Fernando Sánchez 0-0: Ball
1-0: Swinging Strike
1-1: Swinging Strike
1-2: Strikes out swinging
Top of the 1st over - 0 runs, 1 hit, 0 errors, 1 left on base; Gryfindor 0 - Alloway 0
BOTTOM OF THE 1ST
Alloway Halberds batting - Pitching for Gryfindor Braves : RHP Kenny Koehler
Pitching: RHP Kenny Koehler
Batting: RHB Tom Boyer 0-0: Ball
1-0: Foul Ball, location: 2F
1-1: Foul Ball, location: 2F
1-2: Strikes out looking
Batting: RHB Ethan Stanford 0-0: Swinging Strike
0-1: Fly out, F4 (Popup, 4)
Batting: LHB Myron Rosenbalm 0-0: Swinging Strike
0-1: Fly out, F7 (Flyball, 7)
Bottom of the 1st over - 0 runs, 0 hits, 0 errors, 0 left on base; Gryfindor 0 - Alloway 0
TOP OF THE 2ND
Gryfindor Braves batting - Pitching for Alloway Halberds : RHP Nicholas Beyer
Batting: LHB Brent van Schoonhoven 0-0: Ball
1-0: Ball
2-0: SINGLE (Groundball, 34D)
Batting: RHB Ernesto Souza 0-0: Called Strike
0-1: Fly out, F3 (Popup, 3SF)
Batting: RHB Robinson Barquero 0-0: Swinging Strike
0-1: Ball
1-1: Ball
2-1: Called Strike
2-2: Foul Ball, location: 2F
2-2: Foul Ball, location: 2F
2-2: Strikes out looking
Batting: RHB Austin Case 0-0: Ball
1-0: Ground out 3-1 (Groundball, 34)
Top of the 2nd over - 0 runs, 1 hit, 0 errors, 1 left on base; Gryfindor 0 - Alloway 0
BOTTOM OF THE 2ND
Alloway Halberds batting - Pitching for Gryfindor Braves : RHP Kenny Koehler
Batting: RHB Scott Donlan 0-0: Ball
1-0: Ball
2-0: Ball
3-0: Called Strike
3-1: Base on Balls
Batting: RHB Manny Gonzáles 0-0: Ball
1-0: Swinging Strike
1-1: Swinging Strike
1-2: Ball
2-2: Foul Ball, location: 2F
2-2: Strikes out swinging
Batting: RHB Jordan Hollins 0-0: Called Strike
0-1: Ball
1-1: Ball
2-1: Ball
3-1: Swinging Strike
3-2: Strikes out looking
Batting: RHB Juan Salinas 0-0: Ball
1-0: Ball
2-0: Called Strike
2-1: Ground out 2-3 (Groundball, 13S)
Bottom of the 2nd over - 0 runs, 0 hits, 0 errors, 1 left on base; Gryfindor 0 - Alloway 0
TOP OF THE 3RD
Gryfindor Braves batting - Pitching for Alloway Halberds : RHP Nicholas Beyer
Batting: RHB Javier López 0-0: Ball
1-0: Ground out 6-3 (Groundball, 56)
Batting: RHB Damon Newbold 0-0: Called Strike
0-1: Ball
1-1: Ball
2-1: Called Strike
2-2: Ground out U3 (Groundball, 34)
Batting: LHB Ignacio Medine 0-0: Ball
1-0: Called Strike
1-1: Ball
2-1: Ground out 4-3 (Groundball, 4)
Top of the 3rd over - 0 runs, 0 hits, 0 errors, 0 left on base; Gryfindor 0 - Alloway 0
BOTTOM OF THE 3RD
Alloway Halberds batting - Pitching for Gryfindor Braves : RHP Kenny Koehler
Batting: RHB Cisco Hernández 0-0: Swinging Strike
0-1: Fly out, F7 (Flyball, 7S)
Batting: RHB Carlos De Jesús 0-0: Foul Ball, location: 2F
0-1: Foul Ball, location: 2F
0-2: Ball
1-2: Strikes out swinging
Batting: RHB Tom Boyer 0-0: Ball
1-0: Ball
2-0: Called Strike
2-1: Swinging Strike
2-2: Foul Ball, location: 2F
2-2: Strikes out swinging
Bottom of the 3rd over - 0 runs, 0 hits, 0 errors, 0 left on base; Gryfindor 0 - Alloway 0
TOP OF THE 4TH
Gryfindor Braves batting - Pitching for Alloway Halberds : RHP Nicholas Beyer
Batting: LHB Austin Hathaway 0-0: Called Strike
0-1: Ground out 6-3 (Groundball, 6)
Batting: SHB Fernando Sánchez 0-0: Ball
1-0: Fly out, F2 (Popup, 5SF)
Batting: LHB Brent van Schoonhoven 0-0: Ball
1-0: Called Strike
1-1: Swinging Strike
1-2: Foul Ball, location: 2F
1-2: Foul Ball, location: 2F
1-2: Ball
2-2: Strikes out looking
Top of the 4th over - 0 runs, 0 hits, 0 errors, 0 left on base; Gryfindor 0 - Alloway 0
BOTTOM OF THE 4TH
Alloway Halberds batting - Pitching for Gryfindor Braves : RHP Kenny Koehler
Batting: RHB Ethan Stanford 0-0: Bunt for hit - play at first, batter OUT! 1-3
Batting: LHB Myron Rosenbalm 0-0: Foul Ball, location: 2F
0-1: Foul Ball, location: 2F
0-2: Foul Ball, location: 2F
0-2: Ball
1-2: Foul Ball, location: 2F
1-2: Fly out, F7 (Flyball, 7LS)
Batting: RHB Scott Donlan 0-0: Fly out, F7 (Flyball, 78M)
Bottom of the 4th over - 0 runs, 0 hits, 0 errors, 0 left on base; Gryfindor 0 - Alloway 0
TOP OF THE 5TH
Gryfindor Braves batting - Pitching for Alloway Halberds : RHP Nicholas Beyer
Batting: RHB Ernesto Souza 0-0: Ball
1-0: Ball
2-0: Swinging Strike
2-1: Fly out, F7 (Flyball, 7S)
Batting: RHB Robinson Barquero 0-0: Ball
1-0: Called Strike
1-1: Called Strike
1-2: Ball
2-2: Fly out, F7 (Flyball, 78M)
Batting: RHB Austin Case 0-0: Called Strike
0-1: Ball
1-1: Ground out 4-3 (Groundball, 4)
Top of the 5th over - 0 runs, 0 hits, 0 errors, 0 left on base; Gryfindor 0 - Alloway 0
BOTTOM OF THE 5TH
Alloway Halberds batting - Pitching for Gryfindor Braves : RHP Kenny Koehler
Batting: RHB Manny Gonzáles 0-0: Foul Ball, location: 2F
0-1: Foul Ball, location: 2F
0-2: Foul Ball, location: 2F
0-2: Fly out, F7 (Flyball, 78D)
Batting: RHB Jordan Hollins 0-0: Ball
1-0: Called Strike
1-1: Foul Ball, location: 2F
1-2: Ball
2-2: Foul Ball, location: 2F
2-2: Ball
3-2: Strikes out swinging
Batting: RHB Juan Salinas 0-0: Called Strike
0-1: Ball
1-1: Ball
2-1: Ball
3-1: Foul Ball, location: 2F
3-2: Foul Ball, location: 2F
3-2: Base on Balls
Batting: RHB Cisco Hernández 0-0: Foul Ball, location: 2F
0-1: Ball
1-1: Fielders Choice at 2nd, 6-4 (Groundball, 6)
Bottom of the 5th over - 0 runs, 0 hits, 0 errors, 1 left on base; Gryfindor 0 - Alloway 0
TOP OF THE 6TH
Gryfindor Braves batting - Pitching for Alloway Halberds : RHP Nicholas Beyer
Batting: RHB Javier López 0-0: Ball
1-0: Foul Ball, location: 2F
1-1: Ball
2-1: Ball
3-1: Fly out, F7 (Flyball, 78D)
Batting: RHB Damon Newbold 0-0: Fly out, F8 (Flyball, 78XD)
Batting: LHB Ignacio Medine 0-0: Ball
1-0: Fly out, F9 (Flyball, 89M)
Top of the 6th over - 0 runs, 0 hits, 0 errors, 0 left on base; Gryfindor 0 - Alloway 0
BOTTOM OF THE 6TH
Alloway Halberds batting - Pitching for Gryfindor Braves : RHP Kenny Koehler
Batting: RHB Carlos De Jesús 0-0: Ball
1-0: Foul Ball, location: 2F
1-1: Swinging Strike
1-2: Ball
2-2: Ground out 5-3 (Groundball, 5)
Batting: RHB Tom Boyer 0-0: Foul Ball, location: 2F
0-1: Foul Ball, location: 2F
0-2: Strikes out swinging
Batting: RHB Ethan Stanford 0-0: Fly out, F8 (Flyball, 8RD)
Bottom of the 6th over - 0 runs, 0 hits, 0 errors, 0 left on base; Gryfindor 0 - Alloway 0
TOP OF THE 7TH
Gryfindor Braves batting - Pitching for Alloway Halberds : RHP Nicholas Beyer
Batting: LHB Austin Hathaway 0-0: Ball
1-0: Ground out U3 (Groundball, 3L)
Batting: SHB Fernando Sánchez 0-0: Ball
1-0: Called Strike
1-1: Ground out U3 (Groundball, 3S)
Batting: LHB Brent van Schoonhoven 0-0: Called Strike
0-1: Ball
1-1: DOUBLE (Flyball, 9LD)
Batting: RHB Ernesto Souza 0-0: Ball
1-0: Ball
2-0: Foul Ball, location: 2F
2-1: Called Strike
2-2: Foul Ball, location: 2F
2-2: Strikes out swinging
Top of the 7th over - 0 runs, 1 hit, 0 errors, 1 left on base; Gryfindor 0 - Alloway 0
BOTTOM OF THE 7TH
Alloway Halberds batting - Pitching for Gryfindor Braves : RHP Kenny Koehler
Batting: LHB Myron Rosenbalm 0-0: Called Strike
0-1: Ball
1-1: Fly out, F7 (Flyball, 7LSF)
Batting: RHB Scott Donlan 0-0: Ball
1-0: Called Strike
1-1: Ball
2-1: Ball
3-1: Base on Balls
Batting: RHB Manny Gonzáles 0-0: Fly out, F8 (Flyball, 89D)
Pinch Hitting: LHB José Zarate 0-0: DOUBLE (Groundball, 3L)
Scott Donlan to third
Pinch Hitting: SHB Leonard O'Connor 0-0: Ball
1-0: Called Strike
1-1: Ball
2-1: Foul Ball, location: 2F
2-2: SINGLE (Flyball, 7LS)
Scott Donlan scores
José Zarate to third
Runner from 3rd tries for Home, SAFE, no throw
Batting: RHB Cisco Hernández 0-0: Called Strike
0-1: Ball
1-1: Ball
2-1: Foul Ball, location: 2F
2-2: SINGLE (Groundball, 15) (infield hit)
Leonard O'Connor to second
Pitching: RHP Frank Veeck
Batting: RHB Carlos De Jesús 0-0: Ball
1-0: Ball
2-0: Ball
3-0: Called Strike
3-1: Base on Balls
Leonard O'Connor to third
Cisco Hernández to second
Batting: RHB Tom Boyer 0-0: Called Strike
0-1: Foul Ball, location: 2F
0-2: Strikes out swinging
Bottom of the 7th over - 2 runs, 3 hits, 0 errors, 3 left on base; Gryfindor 0 - Alloway 2
TOP OF THE 8TH
Gryfindor Braves batting - Pitching for Alloway Halberds : RHP Nicholas Beyer
Now at SS: Bass Reeves
Now in RF: Tracy Parker
Batting: RHB Robinson Barquero 0-0: Ball
1-0: Swinging Strike
1-1: Called Strike
1-2: Foul Ball, location: 2F
1-2: Strikes out swinging
Batting: RHB Austin Case 0-0: Swinging Strike
0-1: Called Strike
0-2: Ball
1-2: Foul Ball, location: 2F
1-2: Strikes out swinging
Batting: RHB Javier López 0-0: Fly out, F7 (Flyball, 78S)
Top of the 8th over - 0 runs, 0 hits, 0 errors, 0 left on base; Gryfindor 0 - Alloway 2
BOTTOM OF THE 8TH
Alloway Halberds batting - Pitching for Gryfindor Braves : RHP Frank Veeck
Batting: RHB Ethan Stanford 0-0: Ball
1-0: Foul Ball, location: 2F
1-1: Ball
2-1: Foul Ball, location: 2F
2-2: Ball
3-2: Base on Balls
Batting: LHB Myron Rosenbalm 0-0: Ball
1-0: Ball
2-0: Called Strike
2-1: Called Strike
2-2: SINGLE (Line Drive, 7S)
Ethan Stanford to second
Batting: RHB Scott Donlan 0-0: Foul Ball, location: 2F
0-1: Swinging Strike
0-2: Ball
1-2: Ball
2-2: Foul Ball, location: 2F
2-2: Grounds into double play, 6-4-3 (Groundball, 6M)
Ethan Stanford to third
Batting: RHB Manny Gonzáles 0-0: Ball
1-0: Ball
2-0: Swinging Strike
2-1: Ball
3-1: Swinging Strike
3-2: Base on Balls
Batting: RHB Bass Reeves 0-0: Ball
1-0: Ball
2-0: Ball
3-0: Base on Balls
Manny Gonzáles to second
Batting: RHB Tracy Parker 0-0: Ball
1-0: Fielders Choice at 2nd, 6-4 (Groundball, 6)
Bottom of the 8th over - 0 runs, 1 hit, 0 errors, 3 left on base; Gryfindor 0 - Alloway 2
TOP OF THE 9TH
Gryfindor Braves batting - Pitching for Alloway Halberds : RHP Nicholas Beyer
Pitching: RHP Marcos Sarmiento
Batting: RHB Damon Newbold 0-0: Ball
1-0: Fly out, F6 (Line Drive, 6)
Batting: LHB Ignacio Medine 0-0: Ball
1-0: Ball
2-0: Ball
3-0: Called Strike
3-1: Base on Balls
Batting: LHB Austin Hathaway 0-0: Ball
1-0: Called Strike
1-1: Ground out U3 (Groundball, 34S)
Ignacio Medine to second
Batting: SHB Fernando Sánchez 0-0: Foul Ball, location: 2F
0-1: Ball
1-1: Ball
2-1: Foul Ball, location: 2F
2-2: Foul Ball, location: 2F
2-2: SINGLE (Line Drive, 4)
Ignacio Medine to third
Batting: LHB Brent van Schoonhoven 0-0: Ball
1-0: Called Strike
1-1: Called Strike
1-2: Strikes out swinging
Top of the 9th over - 0 runs, 1 hit, 0 errors, 2 left on base; Gryfindor 0 - Alloway 2
Tuesday, June 12th, 2018 - OOTP Baseball 18.8 Build 76